AoeStats
← catchchez

Arena

504494981Analyzed
1v1 RM · 28d ago on Sep 5, 2026· 41m 2s· 2 players
Game mode
Random Map
Map size
Tiny (2 player)
Population
200
Speed
Normal
Resources
Standard
Victory
Conquest
Starting age
Dark Age
Ending age
Imperial Age
RankedLock teamsTeams togetherTeam positionsShared explorationLock speedFull tech treeHidden civsTurbo modeCheats
Victory
Defeat
🇷🇺 Maya · Russia
733
+17
🇮🇳 Lithuanians · India
748
-17
L'Étranger
11:24 Feudal Age
16:09 Castle Age
14:55 Double-Bit Axe
14:53 Horse Collar
15:07 Loom
18:56 Stone Mining
22:41 Town Watch
23:37 Wheelbarrow
23:45 Wheelbarrow
23:34 Fletching
25:19 Squires
27:36 Ballistics
27:55 Pikeman
28:23 Treadmill Crane
31:59 Scale Mail Armor
35:07 Bodkin Arrow
35:28 Chain Mail Armor
35:24 Forging
36:05 Murder Holes
36:20 Masonry
38:57 Imperial Age
36:17 Eagle Warrior
36:43 Arson
39:59 Halberdier
catchchez
2:36 Loom
11:20 Feudal Age
17:43 Castle Age
20:41 Double-Bit Axe
30:04 Redemption
30:06 Fervor
33:25 Thumb Ring
35:56 Fletching
41:01 Imperial Age
Connection lost

Rejoining the realm…

Still unreachable

The connection could not be restored.

Session expired

The server has moved on; the page needs a fresh start.